 Dungeon Crawl Stone Soup version 0.11.0-9-gb634444 (webtiles) character file.

2256794 hurdos the Ninja (level 27, 101/223 (238) HPs)
             Began as a Vampire Enchanter on Feb 14, 2013.
             Was the Champion of Ashenzari.
             Escaped with the Orb
             ... and 5 runes on Feb 18, 2013!
             The game lasted 1day 00:19:44 (139782 turns).

hurdos the Ninja (Vampire Enchanter)           Turns: 139782, Time: 1, 00:19:44

HP 101/223 (238) AC 13     Str 15      XL: 27
MP  25/45        EV 35     Int 38      God: Ashenzari [******]
Gold 2826        SH 23     Dex 22      Spells: 12 memorised,  5 levels left

Res.Fire  : + + +   See Invis. : +   y - +12,+2 short sword of the Lame Duck {speed Res.Cold : + + + Warding : . e - +2 robe {rC+ rF+} (curse) Life Prot.: + + + Conserve : + p - +0 shield of Dishonour {Str+4 Int+1}
Res.Poison: +       Res.Corr.  : .   C - +2 wizard hat {Int+3} (curse)
Res.Elec. : +       Clarity    : +   K - +1 cloak of the Thief {+Inv +Lev EV+2 Dex+
Sust.Abil.: . .     Spirit.Shd : .   J - +1 pair of gloves of Jischodd {Dex+2 Int+5 Res.Mut. : . Stasis : . l - +2 pair of boots of the Assassin {+Inv Dex Res.Rott. : + Ctrl.Telep.: x b - cursed amulet of conservation Saprovore : . . . Levitation : . S - cursed ring "Cyas" {Hunger rElec rPois rF+ Ctrl.Flight: . Y - cursed ring of the Mage {Wiz MR Int+3}

@: deflect missiles, regenerating slowly, very slightly contaminated, uncannily
resistant to hostile enchantments, extremely stealthy
A: bottle blood, fangs 3, see invisible, unbreathing, Int +1, Dex +1
a: Bat Form, Bottle Blood, Scrying, Transfer Knowledge, Renounce Religion, Evoke
Invisibility, Evoke Levitation
}: 5/15 runes: serpentine, barnacled, slimy, silver, abyssal


You escaped.
You worshipped Ashenzari.
Ashenzari was exalted by your worship.
You were near bloodless.

You visited 14 branches of the dungeon, and saw 86 of its levels.
You visited the Abyss 1 time.
You visited 3 bazaarss.
You visited 1 Ziggurat, and saw 11 of its levels.
You also visited: Labyrinth and Trove.

You collected 11268 gold pieces.
You spent 4702 gold pieces at shops.
You used 3760 gold pieces for miscellaneous purposes.

Inventory:

Hand weapons
 h - the +6,+2 dagger of Blaafak (quivered) {stab, +Inv rPois Str-1}
   (You found it on level 5 of the Crypt)

   It inflicts extra damage upon your enemies.
   It affects your strength (-1).
   It protects you from poison.
   It lets you turn invisible.
 y - the +12,+2 short sword of the Lame Duck (weapon) {speed, rF+ MR Str+4}
   (You found it on level 5 of the Shoals)

   Attacks with this weapon take half as long, but cause slightly less damage.
   It affects your strength (+4).
   It protects you from fire.
   It increases your resistance to enchantments.
Armour
 e - a cursed +2 robe of resistance (worn)
 l - the cursed +2 pair of boots of the Assassin (worn) {+Inv Dex+3 Stlth++}
   (You found it in a treasure trove)

   It affects your dexterity (+3).
   It lets you turn invisible.
   It makes you much more stealthy.
   It has a curse placed upon it.
 p - the cursed +0 shield of Dishonour (worn) {Str+4 Int+1}
   (You found it on level 3 of the Snake Pit)

   It affects your strength (+4).
   It affects your intelligence (+1).
   It has a curse placed upon it.
 C - a cursed +2 wizard hat of intelligence (worn)
 J - the cursed +1 pair of gloves of Jischodd (worn) {Dex+2 Int+5}
   (You found it on level 8 of the Lair of Beasts)

   It affects your intelligence (+5).
   It affects your dexterity (+2).
   It has a curse placed upon it.
 K - the cursed +1 cloak of the Thief (worn) {+Inv +Lev EV+2 Dex+2 Dam-3 SInv Stlth++}
   (You found it on level 3 of the Elven Halls)

   It affects your evasion (+2).
   It affects your dexterity (+2).
   It affects your damage-dealing abilities (-3).
   It enhances your eyesight.
   It lets you turn invisible.
   It lets you levitate.
   It makes you much more stealthy.
   It has a curse placed upon it.
Magical devices
 f - a wand of hasting (2)
 w - a wand of digging (0)
 H - a wand of teleportation (3)
 M - a wand of heal wounds (6)
 R - a wand of disintegration (8)
 X - a wand of fireball (6)
 Z - a wand of heal wounds (2)
Scrolls
 g - 2 scrolls of vulnerability
 j - 2 scrolls of curse weapon
 m - a scroll of remove curse
 n - 2 scrolls of fear
 o - a scroll of identify
 t - 3 scrolls of magic mapping
 x - a scroll of teleportation
 A - a scroll of fog
Jewellery
 b - a cursed amulet of conservation (around neck)
 S - the cursed ring "Cyas" (right hand) {Hunger rElec rPois rF+ rC+ Str-1 Stlth+}
   (You found it on level 6 of the Pits of Slime)

   [ring of hunger]

   It affects your strength (-1).
   It protects you from fire.
   It protects you from cold.
   It insulates you from electricity.
   It protects you from poison.
   It makes you more stealthy.
   It has a curse placed upon it.
 Y - the cursed ring of the Mage (left hand) {Wiz MR Int+3}
   (You took it off a deep elf mage on level 3 of the Elven Halls)

   [ring of wizardry]

   It affects your intelligence (+3).
   It increases your resistance to enchantments.
   It has a curse placed upon it.
Potions
 i - a potion of might
 q - a potion of restore abilities
 r - a potion of coagulated blood
 s - 2 potions of curing
 v - a potion of levitation
 D - 2 potions of resistance
 G - a potion of brilliance
 I - 2 potions of magic
 Q - 2 potions of speed
Books
 a - a manual of Stabbing
 z - a manual of Charms
 P - a book of Wizardry

   Spells                             Type                      Level
   Summon Elemental                   Summoning                    4
   Agony                              Necromancy                   5
   Lightning Bolt                     Conjuration/Air              5
   Fireball                           Conjuration/Fire             5
   *Haste                             Charms                       6
   *Invisibility                      Hexes                        6
Magical staves
 O - an uncursed staff of channeling
Orbs of Power
 k - the Orb of Zot
Miscellaneous
 N - a crystal ball of energy
Rods
 c - a +4 rod of warding (9/9)
   (You found it on level 8 of the Vaults)
 L - a +6 rod of destruction [lightning,fireball,iron] (12/12)
   (You found it on level 6 of the Pits of Slime)


   Skills:
 - Level 24,4 Fighting
 - Level 5,7 Short Blades
 - Level 0,7 Throwing
 - Level 4,1 Armour
 + Level 18,4(22,0) Dodging
 O Level 27 Stealth
 - Level 16,4 Stabbing
 - Level 5,0(8,0) Shields
 - Level 13,0 Traps & Doors
 * Level 18,0 Spellcasting
 + Level 18,1(21,8) Conjurations
 * Level 23,0(26,3) Hexes
 - Level 5,3(9,8) Charms
 - Level 8,1(12,6) Necromancy
   Level 1,4(4,3) Translocations
 - Level 7,0(11,5) Ice Magic
 + Level 23,3(26,6) Air Magic
 + Level 15,0(19,8) Evocations


You had 5 spell levels left.
You knew the following spells:

 Your Spells              Type           Power        Failure   Level  Hunger
a - Invisibility          Hex            #########    0%          6    None
b - Confuse               Hex            #########    0%          3    None
c - Ensorcelled Hibernat  Hex/Ice        #######      0%          2    None
d - Freezing Cloud        Conj/Ice/Air   #########.   1%          6    None
e - Deflect Missiles      Chrm/Air       #########.   1%          6    None
f - Flight                Chrm/Air       #########.   0%          3    None
g - Sublimation of Blood  Necr           ########..   0%          2    None
h - Swiftness             Chrm/Air       #########.   0%          2    None
i - Dispel Undead         Necr           ########.    1%          5    None
j - Tornado               Air            #########.   1%          9    ######.
k - Haste                 Chrm           ########.    1%          6    None
l - Orb of Destruction    Conj           #########.   1%          7    #......


Dungeon Overview and Level Annotations

Branches:
Dungeon (27/27)            Temple (1/1) D:7             Orc (4/4) D:11
    Elf (3/3) Orc:4          Lair (8/8) D:12         Shoals (5/5) Lair:3
  Snake (5/5) Lair:5        Slime (6/6) Lair:8       Vaults (8/8) D:15
  Blade (1/1) Vaults:6      Crypt (5/5) Vaults:2       Tomb (0/3) Crypt:3
    Dis (7/7) Hell            Geh (0/7) Hell            Coc (0/7) Hell
    Tar (0/7) Hell            Zot (5/5) D:27

Altars:
Ashenzari
Cheibriados
Elyvilon
Fedhas
Kikubaaqudgha
Makhleb
Nemelex Xobeh
Okawaru
Sif Muna
Trog
Vehumet
Xom
Yredelemnul
Zin
the Shining One
Beogh
Jiyva

Shops:
D:17: ! Orc:3: * Orc:4: //( Elf:1: [ Elf:2: (? Elf:3: ( Snake:3: ( Vaults:3: [ Vaults:7: [ Abyss: ((

Portals:
Dungeon:
Abyss
Hell: D:21 D:22 D:23 D:24 D:25 D:26 D:27
Abyss: D:21 D:25 D:26 D:27
Pandemonium: D:22 D:24 D:27

Annotations
Shoals:5 exclusion: oklob plant
Snake:3 exclusion: Roxanne, Roxanne
Dis:7 Dispater


Innate Abilities, Weirdness & Mutations

You heal slowly.
You can bottle blood from corpses.
You have razor-sharp teeth.*
You have supernaturally acute eyesight.
You can survive without breathing.*
You are agile (Dex +1).
Your mind is acute (Int +1).


Message History

The winds around you start to calm down.
You float gracefully downwards.
The Hell Sentinel gestures at you. You deflect the iron shot!
Casting: Deflect Missiles
Confirm with . or Enter, or press ? or * to list all spells.
Aiming: Orb of Destruction
Press: ? - help, Shift-Dir - straight line, f - Hell Sentinel
Aim: a Hell Sentinel (raging winds, almost dead)
The wavering orb of destruction weakly hits the Hell Sentinel.
You blow up the Hell Sentinel!
Your Spellcasting skill increases to level 18!
You are engulfed in raging winds.
You are engulfed in raging winds.
There is a staircase leading out of the dungeon here.
You can't go down here!
Are you sure you want to win?
You are engulfed in raging winds.
You feel sluggish. The winds around you calm down.
You have escaped!

#.#.#.....................#
#.#............#..........#
#.###.....................# #.#
#...........#.###.#####
#.###..≈≈≈.≈≈≈.....##.#
#.##..≈≈.....≈≈....##.#
#.#..≈≈..8....≈≈...##.#
#####.#.≈≈.♣.......≈≈..##.#
....#.#.≈...<.♣.@...≈..##.#
....#%#.≈..♣...%.8..≈..##.#
....#.#.≈≈..8.<....≈≈..##.#
....#.#..≈≈.......≈≈...##.#######
..{.#.##..≈≈.....≈≈x...##.#......
...{#......≈≈≈≈≈≈≈..#.###%#......
....#.####.........##.# #.#...)..
....#.# #######...##.###.#......
....#.# #.####............


You could see a small abomination.

Vanquished Creatures
  the royal jelly (Slime:6)
  Dissolution (Slime:2)
  14 orbs of fire
  4 ancient liches
  3 greater mummies
  Saint Roka (Snake:3)
  2 curse toes
  Mara (D:23)
  4 Killer Klowns
  Margery (Vaults:5)
  Geryon (Hell)
  4 golden dragons
  A profane servitor (Abyss)
  Xtahua (Vaults:5)
  Frederick (Crypt:1)
  3 electric golems
  2 Brimstone Fiends
  Nikola (D:17)
  4 Hell Sentinels
  15 tentacled monstrosities
  25 Orb Guardians (Zot:5)
  The ghost of Faustikun the Imperceptible, a mighty SpEn of Nemelex Xobeh (Slime:1)
  3 quicksilver dragons
  3 titans
  20 acid blobs
  3 deep elf blademasters (Elf:3)
  7 liches
  20 shadow dragons
  14 storm dragons
  Kirke (D:15)
  6 sphinxes
  An Ice Fiend (D:27)
  Agnes (Snake:3)
  The ghost of ArtemisIV the Merry Centaur, a mighty CeHu of Okawaru (D:16)
  Frances (Vaults:5)
  2 Shadow Fiends (Dis:1)
  3 draconian knights
  A draconian monk (Zot:5)
  Aizul (Snake:2)
  Ilsuiw (Shoals:5)
  Donald (Shoals:5)
  5 balrugs
  4 frost giants
  8 iron dragons
  6 ghouls
  12 bone dragons
  7 draconian scorchers
  Wiglaf (D:22)
  Louise (Snake:2)
  An orc warlord (D:27)
  A ghost moth (Zot:4)
  2 Executioners
  A quicksilver dragon zombie (Crypt:3)
  4 draconian zealots
  11 azure jellies
  2 draconian shifters
  6 draconian annihilators
  54 stone giants
  2 quicksilver dragon skeletons
  A cacodemon (Dis:1)
  6 fire giants
  3 draconian callers
  2 curse skulls
  6 grey draconians
  4 green draconians
  2 green deaths
  7 greater nagas (Snake:5)
  8 pale draconians
  13 white draconians
  An emperor scorpion (Zig:8)
  A black draconian (Zot:5)
  4 red draconians
  Azrael (Snake:3)
  6 yellow draconians
  4 deep elf sorcerers
  2 purple draconians
  17 reapers
  5 deep elf death magi
  3 mottled draconians
  6 deep elf master archers (Elf:3)
  10 ettins
  Snorg (Elf:1)
  6 blizzard demons
  29 vault guards
  54 yaktaur captains
  7 great orbs of eyes
  3 sirens
  2 vampire knights (Crypt:5)
  10 deep elf annihilators
  5 mummy priests
  A titan skeleton (Zig:10)
  10 dragons
  A minotaur (Lab)
  7 merfolk aquamancers (Shoals:5)
  A storm dragon skeleton (Crypt:3)
  Fannar (Elf:3)
  A golden dragon zombie (Crypt:2)
  14 death oozes
  Erica (D:13)
  10 ice dragons
  4 unborn deep dwarves (Zig:7)
  Harold (Shoals:1)
  12 death cobs
  6 merfolk javelineers (Shoals:5)
  Polyphemus (Shoals:1)
  9 hydras
  A golden dragon skeleton (Crypt:1)
  A ravenous feature mimic (Crypt:2)
  Nessos (Snake:2)
  4 anacondas
  32 dancing weapons (Blade)
  A deep elf demonologist (Elf:3)
  A ravenous item mimic (Vaults:6)
  A spriggan druid (Elf:1)
  4 rakshasas
  29 death yaks
  A wolf spider zombie (Crypt:4)
  10 ogre magi
  2 alligators (shapeshifter)
  2 frost giant zombies
  2 deep elf high priests (Elf:3)
  8 stone giant zombies
  7 iron dragon zombies
  4 orc high priests
  2 hell hogs (Dis:1)
  A shadow dragon skeleton (Vaults:6)
  A sphinx skeleton (Crypt:5)
  Nergalle (D:17)
  10 very ugly things
  6 fire giant skeletons
  11 centaur warriors
  16 iron golems
  An iron dragon skeleton (Dis:4)
  13 stone giant skeletons
  3 frost giant skeletons
  6 soul eaters
  10 sun demons
  23 deep trolls
  113 skeletal warriors
  20 sea snakes
  5 catoblepae
  6 unseen horrors
  21 deep elf knights
  9 shadow wraiths
  A green draconian zombie (Crypt:3)
  3 giant orange brains
  25 hell knights
  9 iron trolls
  An elephant slug zombie (Crypt:3)
  15 naga warriors
  2 red draconian zombies
  8 ice devils
  An unseen horror (shapeshifter) (Vaults:7)
  A sea snake zombie (Abyss)
  An alligator snapping turtle skeleton (Crypt:5)
  2 lindwurms (shapeshifter)
  A grey draconian zombie (Dis:1)
  A swamp dragon (shapeshifter) (Vaults:2)
  6 large abominations (Abyss)
  2 flaming corpses
  An iron troll zombie (Crypt:1)
  An ice statue (D:15)
  16 giant amoebae
  12 flayed ghosts
  A pale draconian skeleton (Zig:10)
  A minotaur zombie (Zig:3)
  2 mottled draconian skeletons
  22 harpies
  A hydra zombie (Crypt:1)
  2 red draconian skeletons (Crypt:3)
  5 shining eyes
  2 wizards
  5 hellions
  2 elves (Elf:1)
  2 sixfirhies (Elf:3)
  A sea snake skeleton (Crypt:2)
  27 orc knights
  8 orc sorcerers
  2 deep dwarf berserkers (Zig:7)
  17 hill giants
  3 iron troll skeletons
  4 vampire magi
  4 guardian serpents
  13 wolf spiders
  A statue (D:14)
  4 griffons
  12 spiny worms
  2 death drake zombies
  14 necromancers
  24 moths of wrath
  17 phantasmal warriors
  10 red wasps
  2 hydra skeletons
  A minotaur skeleton (Crypt:3)
  A siren skeleton (Crypt:1)
  A cyclops (shapeshifter) (Vaults:8)
  26 black mambas
  2 fire crabs
  3 catoblepas skeletons
  A moth of wrath (shapeshifter) (Vaults:3)
  13 cyclopes
  A harpy skeleton (Crypt:2)
  2 guardian serpent zombies (Crypt:3)
  4 red wasp zombies
  A tarantella zombie (Crypt:3)
  An elephant slug (Lair:6)
  An eye of devastation (shapeshifter) (Vaults:8)
  14 tormentors
  A frost giant simulacrum (Crypt:3)
  2 guardian serpent skeletons
  An ettin zombie (Vaults:6)
  188 slime creatures
  2 feature mimics (Orc:4)
  19 elephants
  An alligator skeleton (Crypt:5)
  4 eyes of devastation
  A griffon skeleton (D:20)
  2 giant firefly zombies
  A queen ant zombie (Abyss)
  4 ettin skeletons
  An item mimic (D:14)
  2 black mamba zombies
  15 spiny frogs
  A slime creature (shapeshifter) (Vaults:8)
  2 hellwings
  A hill giant zombie (D:14)
  17 rock trolls
  Psyche (Orc:1)
  74 yaktaurs
  22 guardian mummies
  A rock troll (shapeshifter) (Vaults:8)
  2 wandering mushrooms
  13 mermaids
  A mermaid (shapeshifter) (D:16)
  150 ugly things
  An iron troll simulacrum (Crypt:3)
  15 trolls
  11 komodo dragons
  5 small abominations
  Sonja (D:12)
  4 hill giant skeletons
  A redback simulacrum (Zig:11)
  9 smoke demons
  3 spriggan skeletons
  Prince Ribbit (D:6)
  19 naga magi
  A spriggan (D:7)
  A deep troll zombie (Crypt:1)
  A deep dwarf necromancer (Zig:7)
  3 silent spectres
  A spriggan (shapeshifter) (Vaults:6)
  A baby alligator (shapeshifter) (Vaults:5)
  19 blink frogs
  16 brown oozes
  15 snapping turtles
  20 iron devils
  2 draconian zombies
  3 deep dwarf artificers (Zig:7)
  A rock troll zombie (D:19)
  2 efreet
  A guardian serpent simulacrum (Crypt:3)
  2 red wasp simulacra
  A polar bear (Lair:7)
  4 rock troll skeletons
  A baby alligator zombie (Crypt:3)
  A tarantella simulacrum (Crypt:3)
  2 jumping spiders
  2 deep dwarf scions (Zig:7)
  A brown ooze (shapeshifter) (Vaults:1)
  A raven (shapeshifter) (Vaults:7)
  2 grizzly bears (Elf:1)
  A deep troll skeleton (Vaults:4)
  5 basilisks
  A baby alligator skeleton (Crypt:1)
  A swamp dragon zombie (Crypt:2)
  16 two-headed ogres
  An ice dragon simulacrum (Crypt:3)
  5 wyverns
  2 snapping turtle skeletons
  10 vampires
  3 sharks
  A merfolk zombie (Zig:1)
  A tarantella (shapeshifter) (D:17)
  2 rotting hulks
  5 tarantellas
  14 blue devils
  42 merfolk
  21 wraiths
  4 ynoxinuls (Abyss)
  4 merfolk (shapeshifter)
  5 fire drakes
  87 yaks
  11 hell beasts
  18 metal gargoyles
  6 fire elementals
  3 trapdoor spiders
  A clay golem (Vaults:2)
  2 fire crab zombies
  12 bumblebees
  14 deep elf conjurers
  A fire drake zombie (Crypt:2)
  16 hippogriffs
  24 deep elf fighters
  6 golden eyes (Slime:5)
  5 hungry ghosts
  A redback (shapeshifter) (D:24)
  13 war dogs
  2 neqoxecs
  26 redbacks
  3 mottled dragons
  9 deep elf summoners
  2 yaktaur zombies
  12 boulder beetles
  Edmund (Orc:1)
  A manticore (shapeshifter) (D:27)
  A boulder beetle (shapeshifter) (Vaults:8)
  19 manticores
  A yaktaur skeleton (Vaults:8)
  2 draconians (shapeshifter)
  27 freezing wraiths
  A giant slug zombie (Vaults:1)
  19 vampire mosquitoes
  2 mermaid skeletons
  A manticore zombie (Crypt:5)
  2 soldier ants
  A snapping turtle simulacrum (Crypt:3)
  13 necrophages
  15 red devils
  2 cyclops zombies
  3 rock worms
  An agate snail simulacrum (Crypt:3)
  A deep troll simulacrum (Crypt:3)
  8 deep elf priests
  2 cyclops skeletons
  12 hell hounds
  A komodo dragon skeleton (Crypt:3)
  5 ice beasts
  54 orc warriors
  2 sky beasts
  16 giant goldfish
  A rock worm zombie (Crypt:5)
  A hippogriff zombie (Crypt:1)
  A wyvern skeleton (Crypt:5)
  52 ogres
  An elephant simulacrum (Crypt:3)
  A yellow wasp (D:8)
  2 yak zombies
  A bear zombie (Crypt:1)
  A boulder beetle zombie (D:20)
  A polar bear zombie (Crypt:5)
  2 black bears
  24 centaurs
  9 phantoms
  3 yak skeletons
  A hippogriff skeleton (Crypt:2)
  A grizzly bear skeleton (Crypt:3)
  A swamp drake (Zot:4)
  4 big kobolds
  3 boring beetle zombies
  A centaur (shapeshifter) (Vaults:3)
  24 deep elf magi
  3 lava worms (D:25)
  67 nagas
  2 rotting devils
  3 boring beetles
  A wolf (Lair:4)
  A wolf zombie (Crypt:2)
  14 giant slugs
  Duvessa (D:4)
  A giant slug (shapeshifter) (Vaults:8)
  13 wargs
  A gnoll sergeant (D:6)
  A basilisk zombie (D:14)
  A brain worm (D:18)
  A soldier ant zombie (Crypt:3)
  2 wolf skeletons
  9 agate snails
  A black bear zombie (Crypt:5)
  A centaur skeleton (Crypt:4)
  A cyclops simulacrum (D:14)
  Blork the orc (D:6)
  57 water moccasins
  A giant frog skeleton (Crypt:3)
  19 giant frogs
  14 crocodiles
  2 basilisk skeletons
  A troll simulacrum (Crypt:3)
  5 elves (shapeshifter)
  A lava fish (D:25)
  4 jellyfish
  2 killer bee zombies
  A bear simulacrum (Crypt:3)
  A polar bear simulacrum (Crypt:3)
  33 killer bees
  2 warg skeletons (Crypt:2)
  13 shadows
  The ghost of Lomky the Insei, a weakling SETm (D:3)
  A goliath beetle (D:11)
  A pulsating lump (Slime:6)
  38 wights
  14 electric eels
  A big kobold zombie (Crypt:5)
  17 crimson imps
  A crocodile zombie (Crypt:4)
  2 deep dwarf skeletons (Crypt:2)
  3 deep dwarf zombies
  2 tengu zombies (Dis:2)
  15 hounds
  A wolf simulacrum (Crypt:3)
  11 big fish
  3 big kobold skeletons
  A tengu skeleton (Crypt:3)
  A spider zombie (Dis:2)
  27 iron imps
  A lava snake (Hell)
  8 iguanas
  54 orc priests
  37 deep elf soldiers
  7 eyes of draining
  A hound skeleton (D:7)
  6 lightning spires (Abyss)
  30 sheep
  An orange rat skeleton (Hell)
  6 orange rat zombies
  8 porcupines
  9 worker ants
  50 orc wizards
  2 steam dragon skeletons (Crypt:3)
  A hound simulacrum (Crypt:3)
  A worm zombie (D:7)
  25 jellies
  15 mummies
  10 boggarts
  13 flying skulls
  Dowan (D:4)
  34 green rats
  A lemure (Abyss)
  57 adders
  16 gnolls
  A steam dragon simulacrum (Crypt:3)
  9 giant centipedes
  3 iguana skeletons
  A sheep skeleton (Crypt:1)
  A halfling zombie (Crypt:3)
  A scorpion zombie (Crypt:5)
  2 shadow imps
  A giant mite (Lair:2)
  2 halfling skeletons (Crypt:5)
  A porcupine skeleton (Crypt:3)
  A porcupine zombie (Crypt:4)
  13 white imps
  6 ufetubi
  4 worms
  An adder simulacrum (Crypt:3)
  A grey rat (D:18)
  A bat skeleton (Crypt:4)
  6 giant eyeballs
  8 giant geckos
  A giant mite zombie (D:6)
  2 gnoll skeletons
  A green rat skeleton (Crypt:4)
  2 human skeletons
  A human zombie (Crypt:2)
  9 oozes
  288 orcs
  38 bats
  9 giant cockroaches
  24 hobgoblins
  35 jackals
  10 quokkas
  3 scorpions
  4 ball pythons
  A giant cockroach zombie (Crypt:3)
  6 giant newts
  A giant spore (D:9)
  24 goblins
  A goblin skeleton (Crypt:1)
  A hobgoblin skeleton (Crypt:3)
  A human simulacrum (Crypt:3)
  4 illusory rakshasas (D:17)
  2 jackal zombies
  24 kobolds
  A kobold skeleton (D:4)
  A kobold zombie (Crypt:4)
  3 orc skeletons
  7 orc zombies
  2 quokka skeletons
  A quokka zombie (Crypt:4)
  32 rats
  2 rat skeletons
  6 ballistomycetes (D:9)
  A crawling corpse (Elf:3)
  8 fungi
  7 plants
  152 toadstools
4460 creatures vanquished.

Vanquished Creatures (collateral kills)
  An iguana (Lair:1)
  A giant mite (Lair:1)
2 creatures vanquished.

Vanquished Creatures (others)
  An eldritch tentacle (Dis:2)
  A draconian scorcher (Zot:4)
  A fire giant (Zig:9)
  A yellow draconian (Zot:5)
  A red draconian (Zot:5)
  A vault guard (Vaults:8)
  A frost giant skeleton (Vaults:7)
  2 humans (D:15)
  A trapdoor spider zombie (Crypt:5)
  A black mamba (Lair:3)
  A guardian serpent skeleton (Crypt:5)
  An ugly thing (Vaults:2)
  A blink frog (Lair:8)
  A hungry ghost (D:15)
  A merfolk skeleton (Crypt:5)
  A manticore (D:15)
  4 vampire mosquitoes
  A war dog zombie (Crypt:5)
  A bear skeleton (Crypt:5)
  A centaur (D:15)
  An electric eel (D:15)
  A wight (Dis:2)
  An iron imp (Dis:1)
  A big fish (D:15)
  A big kobold simulacrum (Crypt:5)
  2 green rats (Lair:8)
  A human zombie (Crypt:5)
  5 orcs
  A hobgoblin (Orc:4)
  2 rats
  103 eldritch tentacle segments (Dis:2)
  6 fungi
  27 plants
  583 toadstools
759 creatures vanquished.

Grand Total: 5221 creatures vanquished

Notes
Turn   | Place    | Note
--------------------------------------------------------------
     0 | D:1      | hurdos, the Vampire Enchanter, began the quest for the Orb.
     0 | D:1      | Reached XP level 1. HP: 13/13 MP: 4/4
     0 | D:1      | Eden: Бро
     2 | D:1      | Eden: Я тут того
    32 | D:1      | Eden: Расслабляюсь, выпивааю, отдыхаю. Хочу хлеба и зрелищ.
    32 | D:1      | Eden: Зрелища с тебя.
   213 | D:1      | Eden: Вынеси этот сраный орб.
   213 | D:1      | hurdos: Не хотят сдаваться :)
   298 | D:1      | Eden: Куда им деваться!
   394 | D:1      | Reached XP level 2. HP: 7/19 MP: 1/5
  1138 | D:1      | Reached XP level 3. HP: 22/24 MP: 5/7
  1734 | D:2      | Found a white marble altar of Elyvilon.
  1821 | D:2      | Found a glowing silver altar of Zin.
  2237 | D:3      | Learned a level 3 spell: Confuse
  2240 | D:3      | Learned a level 2 spell: Ensorcelled Hibernation
  2264 | D:3      | Eden: Пока норм эквип падает. Ножик дрейна - мечта, бронь норм.
  2291 | D:3      | Noticed Lomky's ghost (weakling SETm)
  2301 | D:3      | Eden: конфуз
  2521 | D:3      | Reached XP level 4. HP: 28/30 MP: 1/9
  3021 | D:3      | hurdos: да он слабый
  3021 | D:3      | hurdos: но попробу.
  3026 | D:3      | Killed Lomky's ghost
  3026 | D:3      | Reached skill level 1 in Ice Magic
  3139 | D:3      | Reached XP level 5. HP: 35/35 MP: 1/10
  3146 | D:3      | Reached skill level 5 in Hexes
  3286 | D:4      | Noticed Dowan
  3287 | D:4      | Noticed Duvessa
  3323 | D:4      | Killed Dowan
  3584 | D:4      | Killed Duvessa
  3584 | D:4      | Reached skill level 5 in Stealth
  3679 | D:4      | Reached XP level 6. HP: 41/41 MP: 12/12
  3858 | D:4      | Found a white marble altar of Elyvilon.
  4221 | D:4      | Reached skill level 6 in Stealth
  4387 | D:4      | Noticed an ogre
  4394 | D:4      | Killed an ogre
  4394 | D:4      | Reached skill level 5 in Stabbing
  4743 | D:4      | hurdos: смешной резист
  4782 | D:4      | Reached XP level 7. HP: 46/46 MP: 5/13
  4885 | D:4      | Found a blossoming altar of Fedhas.
  5169 | D:4      | Eden: Норм идешь.
  5170 | D:5      | Entered Level 5 of the Dungeon
  5194 | D:5      | Found a glowing golden altar of the Shining One.
  6454 | D:6      | Noticed Blork the orc
  6748 | D:6      | Reached skill level 7 in Stealth
  6866 | D:6      | Noticed Prince Ribbit
  6881 | D:6      | Killed Prince Ribbit
  6881 | D:6      | Reached XP level 8. HP: 26/52 MP: 8/16
  7427 | D:6      | Found a bloodstained altar of Trog.
  7715 | D:5      | Paralysed by a potion of paralysis for 2 turns
  7924 | D:6      | Reached skill level 8 in Stealth
  7972 | D:6      | Killed Blork the orc
  8662 | D:6      | hurdos: Где же храм?!
  8741 | D:7      | Found a staircase to the Ecumenical Temple.
  8801 | Temple   | Entered the Ecumenical Temple
  8976 | Temple   | hurdos: Где же Аш?
  9053 | D:7      | Eden: Говно.
  9079 | D:7      | Eden: Но repell m. может и пригодиться.
  9103 | D:7      | Found a bloodstained altar of Trog.
  9149 | D:7      | Reached XP level 9. HP: 57/57 MP: 15/18
  9182 | D:7      | Reached skill level 9 in Stealth
  9195 | D:7      | hurdos: конвейер смерти :)
  9223 | D:7      | Found a shattered altar of Ashenzari.
  9242 | D:7      | Became a worshipper of Ashenzari the Shackled
  9263 | D:7      | Noticed a spriggan baker
  9265 | D:7      | Killed a spriggan baker
  9273 | D:7      | Eden: До сколько хочешь стэб накачать?
  9360 | D:7      | hurdos: 18 - 20
  9360 | D:7      | Eden: ухх
  9360 | D:7      | Eden: Сильно.
  9519 | D:8      | Reached skill level 1 in Fighting
 10242 | D:8      | Eden: Спящий айс драгон - это почти сексуально.
 10244 | D:8      | Eden: Жизнь - это риск, так ведь?
 10244 | D:8      | hurdos: такой разве бывает
 10244 | D:8      | hurdos: конечно риск
 10244 | D:8      | hurdos: мочи его
 10382 | D:8      | Eden: Пожалуй, я уже достаточно набрался. Теперь буду наблюдать.
 10382 | D:8      | Eden: Жги!
 10440 | D:9      | Reached skill level 10 in Stealth
 10908 | D:9      | Found a shimmering altar of Xom.
 11074 | D:9      | Found a snail-covered altar of Cheibriados.
 11318 | D:9      | Reached XP level 10. HP: 68/68 MP: 15/20
 11404 | D:9      | hurdos: 5 мин. перерыв
 11404 | D:9      | Eden: ок
 11742 | D:9      | You fall through a shaft!
 11743 | D:12     | hurdos: чОрт
 11885 | D:11     | Found a portal to a secret trove of treasure.
 11887 | D:11     | Reached skill level 5 in Fighting
 11887 | D:11     | Reached skill level 11 in Stealth
 11912 | D:11     | Found a labyrinth entrance.
 11916 | D:11     | hurdos: Заходить?
 11917 | Lab      | Entered a labyrinth
 11990 | Lab      | Identified a scroll of acquirement
 12151 | Lab      | Eden: Спрашиваешь
 12156 | Lab      | Eden: Мочи рогатого
 12211 | Lab      | Eden: Он на севере.
 12249 | Lab      | Eden: Горячо!
 12270 | Lab      | Eden: Левее
 12289 | Lab      | Eden: Ниже
 12301 | Lab      | Eden: Вон та песчаная стена
 12335 | Lab      | Eden: дверь
 12336 | Lab      | hurdos: страшно
 12336 | Lab      | Eden: Инвиз?
 12336 | Lab      | Eden: Не оче
 12343 | Lab      | Learned a level 6 spell: Invisibility
 12344 | Lab      | Eden: Ну эт
 12345 | Lab      | Noticed a minotaur
 12347 | Lab      | Eden: Если чо - улетай
 12348 | Lab      | Killed a minotaur
 12348 | Lab      | Reached skill level 10 in Hexes
 12349 | Lab      | Eden: лол
 12349 | Lab      | Eden: Ну же! Сокровища!
 12352 | Lab      | Got an antique book
 12353 | Lab      | Eden: Гаунтлетс оф вар!
 12353 | Lab      | Eden: Чес говоря, говно.
 12353 | Lab      | Eden: Но посохи могут пригодиться в лейт-гейме
 12362 | Lab      | Eden: Норм
 12362 | Lab      | Eden: Ты должен прожить дольше меня
 12364 | Lab      | Identified Sif Muna's Papyrus of Excruciating Flames (You found it in a labyrinth)
 12364 | Lab      | hurdos: еще и книги были
 12618 | D:11     | Got an uncursed ancient brass ring
 12619 | D:11     | Identified the ring "Coivvula" (You found it on level 11 of the Dungeon)
 12620 | D:11     | hurdos: одна хрень
 12625 | D:11     | Acquired Ashenzari's first power
 12639 | D:11     | Eden: Кольцо - говно
 12826 | D:10     | Entered Level 10 of the Dungeon
 13074 | D:9      | Eden: Фффф
 13079 | D:9      | Eden: Лечи@Мочи!
 13914 | D:10     | Reached skill level 12 in Stealth
 13938 | D:10     | You fall through a shaft!
 13938 | D:11     | Found a staircase to the Orcish Mines.
 13938 | D:11     | Noticed a hill giant
 14163 | D:10     | hurdos: Прикольный уровень
 14340 | D:11     | Found a roughly hewn altar of Beogh.
 14368 | D:11     | Eden: Не сдавайсо
 14415 | D:11     | Killed a hill giant
 14447 | D:11     | Eden: Ты б это
 14471 | D:11     | Eden: В леир бы шел уже.
 14472 | D:11     | hurdos: Его бы найти сперва :)
 14775 | D:11     | Eden: Ах, джа.
 15319 | D:12     | Reached XP level 11. HP: 76/76 MP: 12/21
 15433 | D:12     | Found a staircase to the Lair.
 15478 | D:12     | Reached skill level 10 in Stabbing
 15479 | D:12     | hurdos: ну вот и lair
 15782 | D:12     | Noticed Sonja
 15789 | D:12     | Killed Sonja
 15798 | D:12     | Found an iron altar of Okawaru.
 15949 | D:12     | Reached skill level 5 in Dodging
 15949 | D:12     | Reached skill level 13 in Stealth
 16192 | Lair:1   | Entered Level 1 of the Lair of Beasts
 16886 | Lair:1   | Identified the cursed -4,+2 falchion "Crykhig" {flame, rPois rN+} (You found it on level 9 of the Dungeon)
 16940 | Lair:1   | Learned a level 2 spell: Swiftness
 16943 | Lair:1   | Learned a level 2 spell: Repel Missiles
 17093 | Lair:2   | Acquired Ashenzari's second power
 17110 | Lair:2   | Reached skill level 1 in Charms
 17128 | Lair:2   | hurdos: Слоники
 17128 | Lair:2   | hurdos: на втором уровне
 17138 | Lair:2   | Reached skill level 14 in Hexes
 17290 | Lair:2   | Eden: лол
 17630 | Lair:2   | hurdos: как посмотреть то что еще не известно?
 17796 | Lair:3   | Found a staircase to the Shoals.
 18288 | Lair:3   | Reached XP level 12. HP: 83/83 MP: 9/21
 18415 | Lair:3   | Reached skill level 15 in Hexes
 19030 | Lair:4   | Eden: Эта
 19030 | Lair:4   | Eden: \
 19030 | Lair:4   | Eden: Кнопка "\"
 19057 | Lair:4   | Eden: Во
 19060 | Lair:4   | Eden: Это то, что известно
 19120 | Lair:4   | Eden: Остальное - неизвестно.
 19434 | Lair:4   | Acquired Ashenzari's third power
 19976 | Lair:5   | Reached skill level 15 in Stealth
 19976 | Lair:5   | Reached skill level 5 in Charms
 20106 | Lair:5   | Reached skill level 1 in Air Magic
 20130 | Lair:5   | You fall through a shaft!
 20167 | Lair:7   | Noticed a death yak
 20170 | Lair:7   | Noticed a death yak
 20170 | Lair:7   | Noticed a death yak
 20176 | Lair:7   | Killed a death yak
 20176 | Lair:7   | Reached skill level 16 in Hexes
 20179 | Lair:7   | Killed a death yak
 20180 | Lair:7   | Killed a death yak
 20323 | Lair:5   | Found a staircase to the Snake Pit.
 21134 | Lair:5   | Reached skill level 17 in Hexes
 21928 | Lair:7   | Acquired Ashenzari's fourth power
 22042 | Lair:7   | Noticed a death yak
 22045 | Lair:7   | Noticed a death yak
 22045 | Lair:7   | Noticed a death yak
 22045 | Lair:7   | Noticed a death yak
 22052 | Lair:7   | Killed a death yak
 22052 | Lair:7   | Reached XP level 13. HP: 88/88 MP: 16/22
 22055 | Lair:7   | Killed a death yak
 22055 | Lair:7   | Reached skill level 18 in Hexes
 22055 | Lair:7   | Reached skill level 5 in Air Magic
 22059 | Lair:7   | Killed a death yak
 22107 | Lair:7   | Killed a death yak
 22311 | Lair:7   | Noticed a five-headed hydra
 22318 | Lair:7   | Killed a five-headed hydra
 22608 | Lair:8   | Entered Level 8 of the Lair of Beasts
 22653 | Lair:8   | Reached skill level 19 in Hexes
 23334 | Lair:8   | Found a viscous altar of Jiyva.
 23334 | Lair:8   | Found a staircase to the Slime Pits.
 24152 | Lair:8   | Reached skill level 20 in Hexes
 24292 | Lair:8   | Reached XP level 14. HP: 95/95 MP: 17/23
 25143 | D:13     | Noticed Erica
 25153 | D:13     | Killed Erica
 25774 | D:14     | Entered Level 14 of the Dungeon
 26215 | D:14     | Reached skill level 21 in Hexes
 26981 | D:15     | Entered Level 15 of the Dungeon
 27009 | D:15     | Noticed Kirke
 27016 | D:15     | Killed Kirke
 27138 | D:15     | Found a blossoming altar of Fedhas.
 27403 | D:15     | Found a staircase to the Vaults.
 28179 | Lair:8   | Identified the +1,+4 quarterstaff of Valour
 28194 | Lair:8   | Got the cursed pair of gloves of Jischodd {Dex+2 Int+5}
 28198 | Lair:8   | Identified the cursed +1 pair of gloves of Jischodd {Dex+2 Int+5} (You found it on level 8 of the Lair of Beasts)
 28341 | Lair:8   | Reached XP level 15. HP: 105/105 MP: 21/25
 28468 | Lair:8   | Reached skill level 15 in Stabbing
 28749 | Orc:1    | Entered Level 1 of the Orcish Mines
 29019 | Orc:1    | Noticed Edmund
 29023 | Orc:1    | Killed Edmund
 29685 | Orc:1    | Noticed Psyche
 29691 | Orc:1    | Killed Psyche
 30371 | Orc:2    | Found a roughly hewn altar of Beogh.
 30842 | Orc:4    | Entered Level 4 of the Orcish Mines
 31112 | Orc:4    | Found a staircase to the Elven Halls.
 31221 | Orc:4    | Qorozeri's Armour Shoppe was a mimic.
 31328 | Orc:3    | Found Egamnil's General Store.
 31370 | Orc:3    | Found a roughly hewn altar of Beogh.
 32206 | Orc:4    | Found Stef's Antique Weapon Boutique.
 32332 | Orc:4    | Learned a level 4 spell: Control Teleport
 32665 | Orc:4    | Gaumaang's Antique Armour Boutique was a mimic.
 32867 | Orc:4    | Reached skill level 22 in Hexes
 32872 | Orc:4    | Found Mimnosaz's Magical Wand Boutique.
 33513 | Orc:4    | Found Crius' Magical Wand Shoppe.
 34072 | Orc:4    | Bought a wand of disintegration (17) for 294 gold pieces
 35246 | D:16     | Noticed ArtemisIV's ghost (mighty CeHu)
 35289 | D:16     | Killed ArtemisIV's ghost
 36065 | D:17     | Noticed Nikola
 36069 | D:17     | Killed Nikola
 36381 | D:17     | Noticed a titan
 36381 | D:17     | Noticed a storm dragon
 36381 | D:17     | Noticed a stone giant
 36381 | D:17     | Noticed a shadow dragon
 36381 | D:17     | Noticed a stone giant
 36381 | D:17     | Noticed a shadow dragon
 36381 | D:17     | Noticed a shadow dragon
 36381 | D:17     | Noticed a titan
 36381 | D:17     | Noticed a stone giant
 36381 | D:17     | Noticed a quicksilver dragon
 36381 | D:17     | Noticed a shadow dragon
 36403 | D:17     | Noticed Nergalle
 36412 | D:17     | Killed Nergalle
 36548 | D:17     | Reached skill level 23 in Hexes
 36553 | D:17     | Found Waudac's Distillery.
 36997 | Vaults:1 | Entered Level 1 of the Vaults
 37054 | Vaults:1 | Found a gateway to a bazaar.
 37070 | Bazaar   | Entered a bazaar
 37070 | Bazaar   | Plog's Jewellery Boutique was a mimic.
 37112 | Bazaar   | Found Cihoif's Antique Weapon Shoppe.
 37129 | Bazaar   | Found Echovuh's Armour Boutique.
 37146 | Bazaar   | Found Gettina's Antique Armour Emporium.
 37151 | Bazaar   | Bought a distressingly furry cloak for 186 gold pieces
 37151 | Bazaar   | Identified the +1 cloak "Jemmyp" (You bought it in a shop in a bazaar)
 37167 | Bazaar   | Bought a +0 wizard hat of intelligence for 150 gold pieces
 37263 | Vaults:1 | Reached skill level 10 in Fighting
 37263 | Vaults:1 | Reached XP level 16. HP: 116/116 MP: 21/26
 37323 | Vaults:1 | Reached skill level 1 in Armour
 37329 | Vaults:1 | Reached skill level 1 in Shields
 38146 | Vaults:2 | Reached skill level 5 in Spellcasting
 38518 | Vaults:2 | Found a staircase to the Crypt.
 39182 | Vaults:2 | Found a glowing golden altar of the Shining One.
 39335 | Vaults:2 | Found an iron altar of Okawaru.
 39407 | Vaults:2 | Found a glowing silver altar of Zin.
 39842 | Vaults:3 | Reached skill level 24 in Hexes
 40492 | Vaults:3 | Found Neheh's Antique Armour Boutique.
 40502 | Vaults:3 | Bought a crude leather armour for 154 gold pieces
 40502 | Vaults:3 | Identified the cursed -4 leather armour of Awe (You bought it in a shop on level 3 of the Vaults)
 40502 | Vaults:3 | Bought a pair of faintly humming gloves for 136 gold pieces
 40502 | Vaults:3 | Identified the +1 pair of gloves of Cliyzeoro (You bought it in a shop on level 3 of the Vaults)
 40546 | Vaults:3 | Reached XP level 17. HP: 122/122 MP: 21/29
 40640 | Vaults:3 | Found an iron altar of Okawaru.
 40640 | Vaults:3 | Found a glowing golden altar of the Shining One.
 40656 | Vaults:3 | Reached skill level 1 in Evocations
 40977 | Vaults:4 | Found a flickering gateway to a bazaar.
 40994 | Bazaar   | Entered a bazaar
 40994 | Bazaar   | Found Abozun's Magic Scroll Emporium.
 40994 | Bazaar   | Found Goankiuh's Antique Armour Shop.
 40994 | Bazaar   | Found Schikk's Antique Weapon Shop.
 40995 | Bazaar   | Found Yceel's Book Boutique.
 40997 | Bazaar   | Found Yxky's Magic Scroll Shoppe.
 41004 | Bazaar   | Found Ynaon's Antique Armour Shoppe.
 41021 | Bazaar   | Bought a book of Dreams for 750 gold pieces
 41021 | Bazaar   | Bought a book of Death for 700 gold pieces
 41021 | Bazaar   | Bought a book of Clouds for 450 gold pieces
 41035 | Bazaar   | Bought a scroll of blinking for 110 gold pieces
 41047 | Bazaar   | Bought a scroll of acquirement for 416 gold pieces
 41050 | Bazaar   | Identified the cursed +3 pair of gloves of the Assorted Beds (You acquired it in a bazaar)
 41065 | Bazaar   | Bought a glowing buckler for 37 gold pieces
 41066 | Bazaar   | Bought a glowing cloak for 15 gold pieces
 41085 | Bazaar   | Bought an ancient sabre for 162 gold pieces
 41085 | Bazaar   | Identified the cursed -1,+3 sabre "Rurel" (You bought it in a shop in a bazaar)
 41421 | Lair:1   | Learned a level 2 spell: Sublimation of Blood
 42296 | Vaults:4 | Found a glowing golden altar of the Shining One.
 42348 | Vaults:4 | Reached skill level 5 in Short Blades
 43103 | Vaults:5 | Reached skill level 25 in Hexes
 43140 | Vaults:5 | Reached skill level 1 in Necromancy
 43259 | Vaults:5 | Noticed Margery
 43716 | Vaults:5 | Noticed Xtahua
 44631 | Vaults:5 | Noticed Frances
 45111 | Lair:1   | Learned a level 3 spell: Flight
 45170 | Shoals:1 | Entered Level 1 of the Shoals
 45194 | Shoals:1 | Noticed Harold
 45201 | Shoals:1 | Killed Harold
 45672 | Shoals:1 | Reached skill level 5 in Evocations
 45674 | Shoals:1 | theSKULK: show some titties
 46190 | Shoals:1 | Noticed Polyphemus
 46195 | Shoals:1 | Reached skill level 1 in Translocations
 46199 | Shoals:1 | Killed Polyphemus
 46204 | Shoals:1 | Reached XP level 18. HP: 129/129 MP: 26/30
 46432 | Lair:1   | Learned a level 6 spell: Freezing Cloud
 46438 | Lair:1   | Learned a level 3 spell: Flight
 46445 | Lair:1   | Learned a level 2 spell: Swiftness
 46693 | Shoals:2 | Reached skill level 1 in Conjurations
 48292 | Shoals:5 | Entered Level 5 of the Shoals
 48328 | Shoals:5 | Reached skill level 5 in Ice Magic
 48431 | Shoals:5 | Got a barnacled rune of Zot
 48609 | Shoals:5 | Noticed Donald
 48619 | Shoals:5 | Killed Donald
 48833 | Shoals:5 | Noticed Ilsuiw
 48845 | Shoals:5 | Killed Ilsuiw
 48883 | Shoals:5 | Got a colourful book
 48884 | Shoals:5 | Identified Boris' Guide on Harmful Dark Secrets (You found it on level 5 of the Shoals)
 48972 | Shoals:5 | Reached skill level 26 in Hexes
 49170 | Shoals:5 | Identified the +12,+2 short sword of the Lame Duck
 49947 | D:17     | Reached skill level 5 in Necromancy
 50362 | D:17     | Reached XP level 19. HP: 135/135 MP: 30/32
 50577 | Vaults:5 | Killed Xtahua
 50765 | Vaults:5 | Killed Frances
 50981 | Vaults:5 | Killed Margery
 51237 | Vaults:5 | Reached skill level 5 in Conjurations
 51414 | Vaults:6 | Found a staircase to the Hall of Blades.
 53078 | Vaults:7 | Found Kliubu's Antique Armour Emporium.
 53087 | Vaults:7 | Bought a distressingly furry robe for 148 gold pieces
 53087 | Vaults:7 | Identified the +0 robe of the Trees (You bought it in a shop on level 7 of the Vaults)
 53088 | Vaults:7 | Bought a twisted leather armour for 182 gold pieces
 53088 | Vaults:7 | Identified the cursed +3 leather armour "Ruuch" (You bought it in a shop on level 7 of the Vaults)
 53605 | Vaults:7 | Reached skill level 27 in Hexes
 53620 | Vaults:7 | Reached XP level 20. HP: 135/145 MP: 27/34
 53643 | Vaults:7 | Reduced skill Hexes to level 26
 54890 | Vaults:7 | Noticed a lich
 54913 | Vaults:7 | Learned a level 5 spell: Dispel Undead
 55792 | Vaults:7 | Killed a lich
 56166 | Vaults:7 | Noticed a lich
 56169 | Vaults:7 | Killed a lich
 56215 | Vaults:7 | Reduced skill Hexes to level 25
 56820 | Snake:1  | Entered Level 1 of the Snake Pit
 57996 | Snake:2  | Noticed Louise
 58002 | Snake:2  | Killed Louise
 58097 | Snake:2  | Noticed Nessos
 58286 | Snake:2  | Killed Nessos
 58423 | Snake:2  | Noticed Aizul
 58667 | Snake:2  | Killed Aizul
 58990 | Snake:3  | You fall through a shaft!
 60099 | Snake:5  | Entered Level 5 of the Snake Pit
 60110 | Snake:5  | Identified the cursed +0 ring mail of the Pirate
 60148 | Snake:4  | Gained mutation: You are agile (Dex +1). [potion of gain dexterity]
 60190 | Snake:3  | Noticed Agnes
 60195 | Snake:3  | Killed Agnes
 60201 | Snake:3  | Found Jeryuxkay's Weapon Emporium.
 60280 | Snake:3  | Noticed Azrael
 60291 | Snake:3  | Killed Azrael
 60354 | Snake:3  | Noticed Roxanne
 60683 | Snake:3  | Reached skill level 15 in Fighting
 60759 | Snake:3  | Noticed Saint Roka
 61084 | Snake:3  | Killed Saint Roka
 61084 | Snake:3  | Reached XP level 21. HP: 161/163 MP: 27/34
 61202 | Snake:3  | Identified the +0 shield of Dishonour
 62576 | Snake:5  | Malog: Здарова
 64240 | Snake:5  | Got a serpentine rune of Zot
 67254 | D:20     | Entered Level 20 of the Dungeon
 68151 | D:21     | Found a gateway to Hell.
 68867 | Elf:1    | Entered Level 1 of the Elven Halls
 68917 | Elf:1    | Reached XP level 22. HP: 178/178 MP: 17/35
 69323 | Elf:1    | Noticed Snorg
 69418 | Elf:1    | Found Wekoniaf's Antique Armour Emporium.
 69591 | Elf:1    | Killed Snorg
 70720 | Elf:2    | Found Phagala's Weapon Emporium.
 70792 | Elf:2    | Found Booda's Magic Scroll Emporium.
 70801 | Elf:2    | Bought a scroll of curse armour for 20 gold pieces
 71234 | Elf:3    | Entered Level 3 of the Elven Halls
 71288 | Elf:3    | Found a radiant altar of Vehumet.
 71653 | Elf:3    | Found Klun's Antique Weapon Shop.
 71918 | Elf:3    | Learned a level 5 spell: Agony
 72047 | Elf:3    | Noticed Fannar
 72055 | Elf:3    | Killed Fannar
 72502 | Elf:3    | Identified the cursed -4,+0 quarterstaff of Klav {freeze} (You took it off a deep elf high priest on level 3 of the Elven Halls)
 72647 | Elf:3    | Identified a +3 rod of demonology (14/14) (You took it off a deep elf soldier on level 3 of the Elven Halls)
 73410 | Elf:3    | Identified the amulet of Eternal Night (You took it off a deep elf death mage on level 3 of the Elven Halls)
 73410 | Elf:3    | Identified the +3,+6 broad axe of Nudih (You took it off a deep elf death mage on level 3 of the Elven Halls)
 73679 | Elf:3    | Reached skill level 5 in Shields
 73720 | Elf:3    | Reached skill level 26 in Stealth
 73971 | Elf:3    | Reached skill level 1 in Traps & Doors
 74121 | Elf:3    | Got a rare book
 74125 | Elf:3    | Got a colourful book
 74126 | Elf:3    | Identified the Reference Book on the Entrancing Snowflakes (You found it on level 3 of the Elven Halls)
 74126 | Elf:3    | Identified the Reference Book on Destructive Beguiling (You found it on level 3 of the Elven Halls)
 74155 | Elf:3    | Identified the +9,+1 hand axe of the Coward
 74992 | Elf:2    | Bought a scroll of identify for 20 gold pieces
 74992 | Elf:2    | Bought a scroll of recharging for 55 gold pieces
 74992 | Elf:2    | Bought a scroll of remove curse for 30 gold pieces
 74992 | Elf:2    | Bought a scroll of remove curse for 30 gold pieces
 74992 | Elf:2    | Bought a scroll of recharging for 55 gold pieces
 74992 | Elf:2    | Bought a scroll of enchant armour for 55 gold pieces
 75485 | D:21     | Found a shattered altar of Ashenzari.
 75563 | D:21     | Found a one-way gate to the infinite horrors of the Abyss.
 77087 | D:22     | Found a one-way gate leading to the halls of Pandemonium.
 77561 | D:22     | Noticed Wiglaf
 77569 | D:22     | Killed Wiglaf
 77569 | D:22     | Reached skill level 10 in Air Magic
 77664 | D:22     | Reached XP level 23. HP: 189/189 MP: 30/35
 78060 | D:23     | Noticed Mara
 78087 | D:23     | Found a flickering gateway to a bazaar.
 78097 | Bazaar   | Entered a bazaar
 78105 | Bazaar   | Found Irghy's Magical Wand Shop.
 78115 | Bazaar   | Found Niroacza's Book Shop.
 78149 | Bazaar   | Bought a wand of digging (13) for 476 gold pieces
 78901 | D:23     | Killed Mara
 79686 | Crypt:1  | Entered Level 1 of the Crypt
 79852 | Crypt:1  | Noticed Frederick
 79884 | Crypt:1  | Found an ancient bone altar of Kikubaaqudgha.
 80161 | Crypt:1  | Killed Frederick
 81902 | Crypt:2  | Reached skill level 27 in Stealth
 83771 | Crypt:3  | Found a staircase to the Tomb.
 83984 | Crypt:3  | Reached XP level 24. HP: 195/199 MP: 9/36
 86008 | Crypt:3  | Reached skill level 15 in Air Magic
 86402 | Crypt:4  | Identified the +4,+2 spear of Wrongful Imprisonment
 86924 | Crypt:5  | Entered Level 5 of the Crypt
 87882 | Crypt:5  | Identified the cursed +0,-4 quarterstaff "Beastbane"
 88949 | Crypt:5  | Noticed an ancient lich
 88960 | Crypt:5  | Killed an ancient lich
 91108 | Crypt:5  | Found an ancient bone altar of Kikubaaqudgha.
 91126 | Crypt:5  | Identified the +6,+2 dagger of Blaafak
 91139 | Crypt:5  | Noticed an ancient lich
 91144 | Crypt:5  | Killed an ancient lich
 91652 | Crypt:5  | Identified the +5,+0 bow "Bla Rifo"
 92027 | Lair:1   | Learned a level 9 spell: Tornado
 92340 | Vaults:8 | Entered Level 8 of the Vaults
 92346 | Vaults:8 | Reached XP level 25. HP: 163/207 MP: 22/38
 92496 | Vaults:8 | Identified the +1,+4 falchion of Glory
 92824 | Vaults:8 | Identified the +5,+0 hand axe of Distraction
 93057 | Vaults:8 | Got a rare book
 93060 | Vaults:8 | Identified Xaefejat's Lost Tome of the Archmage (You found it on level 8 of the Vaults)
 93516 | Vaults:8 | Reached skill level 10 in Spellcasting
 94034 | Vaults:8 | Identified a +4 rod of warding (9/9)
 94035 | Vaults:8 | Identified the cursed +0,+3 hand axe of Xom's Outrage
 94088 | Vaults:8 | Gained mutation: Your mind is acute (Int +1). [potion of gain intelligence]
 94119 | Vaults:8 | Got the cursed robe of Brilliance {rF+ Acc+5}
 94683 | Vaults:8 | Reached XP level 26. HP: 219/219 MP: 36/39
 95813 | Vaults:8 | Identified a +4 rod of venom (13/13)
 95865 | Vaults:8 | Got a silver rune of Zot
 96846 | D:17     | Killed a quicksilver dragon
 96846 | D:17     | Killed a stone giant
 96846 | D:17     | Killed a titan
 96847 | D:17     | Killed a shadow dragon
 96847 | D:17     | Killed a stone giant
 96852 | D:17     | Killed a shadow dragon
 96852 | D:17     | Killed a stone giant
 96853 | D:17     | Killed a shadow dragon
 96853 | D:17     | Killed a titan
 96853 | D:17     | Killed a storm dragon
 96871 | D:17     | Killed a shadow dragon
 98236 | D:24     | Found a gateway to a ziggurat.
 98562 | D:24     | Reached XP level 27. HP: 230/230 MP: 40/41
 99641 | Lair:1   | Identified the cursed -4 robe of Brilliance {rF+ Acc+5} (You found it on level 8 of the Vaults)
100748 | D:24     | Identified the +0 scale mail of the Equator {rC+}
100750 | D:25     | Entered Level 25 of the Dungeon
101537 | D:25     | Reached skill level 5 in Traps & Doors
103588 | D:27     | Entered Level 27 of the Dungeon
104133 | D:27     | Identified the ring "Bonun"
104133 | D:27     | Identified the cursed ring "Deoll"
104149 | D:27     | HP: 2/230 [blizzard demon/the air (17)]
105269 | D:27     | Identified a +1 rod of destruction [lightning,fireball,iron] (10/10)
105379 | D:27     | Got an inconspicuous book
105387 | D:27     | Identified the Reference Book on Noxious Transmigration (You found it on level 27 of the Dungeon)
106275 | D:27     | Identified the +1 splint mail of the Gloaming {rC+ rN+ MR Dam+6} (You found it on level 3 of the Elven Halls)
106275 | D:27     | Identified the cursed -2 splint mail of Midwinter {Str+3 Dex+3 Dam+2 Stlth++} (You found it on level 8 of the Vaults)
106790 | Lair:1   | Learned a level 3 spell: Tukima's Dance
106955 | Lair:1   | Learned a level 7 spell: Orb of Destruction
107349 | Lair:1   | Learned a level 4 spell: Control Teleport
107613 | Blade    | Entered the Hall of Blades
107923 | Blade    | Reached skill level 10 in Traps & Doors
108465 | Vaults:8 | Identified the cursed -2 splint mail of Midwinter {Str+3 Dex+3 Dam+2 Stlth++} (You found it on level 8 of the Vaults)
109085 | Hell     | Entered the Vestibule of Hell
109085 | Hell     | Noticed Geryon
109109 | Hell     | Killed Geryon
109427 | Hell     | Found a gateway to the ashen valley of Gehenna.
109483 | Hell     | Found a gateway to the freezing wastes of Cocytus.
109759 | Hell     | Found a gateway to the Iron City of Dis.
110909 | Zot:1    | Entered Level 1 of the Realm of Zot
111507 | Zot:1    | Noticed an orb of fire
111514 | Zot:1    | Killed an orb of fire
112366 | Zot:2    | Noticed a curse toe
112368 | Zot:2    | Killed a curse toe
112449 | Zot:2    | Identified the cursed -3 robe "Baosiu"
112653 | Zot:2    | Noticed a Killer Klown
112660 | Zot:2    | Killed a Killer Klown
112660 | Zot:2    | Reached skill level 10 in Conjurations
112698 | Zot:2    | Identified the +0 ring mail "Loariorua"
113285 | Zot:3    | Reached skill level 10 in Dodging
114459 | Zot:4    | Noticed an orb of fire
114459 | Zot:4    | Noticed a curse toe
114464 | Zot:4    | Noticed an orb of fire
114464 | Zot:4    | Noticed a Killer Klown
114471 | Zot:4    | Killed a Killer Klown
114480 | Zot:4    | Killed a curse toe
114481 | Zot:4    | Killed an orb of fire
114481 | Zot:4    | Killed an orb of fire
115059 | Zot:4    | Got a conspicuous book
115062 | Zot:4    | Identified the Volume of Moulding and Ignition (You found it on level 4 of the Realm of Zot)
116058 | D:24     | You paid a toll of 3760 gold to enter a ziggurat.
116058 | Zig:1    | Entered Level 1 of a ziggurat
116076 | Zig:2    | Entered Level 2 of a ziggurat
116215 | Zig:2    | Got a colourful book
116216 | Zig:2    | Identified the Guide on Poisonous Attacks (You found it on level 2 of a ziggurat)
116220 | Zig:3    | Entered Level 3 of a ziggurat
116248 | Zig:3    | psychoDad: no!
116248 | Zig:3    | psychoDad: we want blood!
116248 | Zig:3    | psychoDad: :-)
116250 | Zig:3    | hurdos: :)
116251 | Zig:4    | Entered Level 4 of a ziggurat
116254 | Zig:4    | Identified the cursed ring of Lif Akhlyli
116380 | Zig:5    | Entered Level 5 of a ziggurat
116384 | Zig:5    | Identified the ring of the Exiled Hells
116403 | Zig:5    | LotharNight: murder murder stab stab
116411 | Zig:5    | psychoDad: fuck yeah!
116419 | Zig:5    | LotharNight: what is the key for bottling blood (stupid question I know)
116422 | Zig:5    | psychoDad: to splash the walls?
116422 | Zig:5    | psychoDad: and to drink it in case youre a vamp
116423 | Zig:6    | Entered Level 6 of a ziggurat
116427 | Zig:6    | Identified the amulet "Shymyb"
116614 | Zig:7    | Entered Level 7 of a ziggurat
116622 | Zig:7    | Identified the ring of the Barnacle
116622 | Zig:7    | Identified the ring of the Lobster
116635 | Zig:7    | Reached skill level 10 in Evocations
116742 | Zig:8    | Entered Level 8 of a ziggurat
116969 | Zig:9    | Entered Level 9 of a ziggurat
116976 | Zig:9    | Noticed an orb of fire
116976 | Zig:9    | Noticed an orb of fire
116996 | Zig:9    | Noticed an orb of fire
117003 | Zig:9    | Killed an orb of fire
117011 | Zig:9    | Killed an orb of fire
117011 | Zig:9    | Reached skill level 15 in Dodging
117011 | Zig:9    | Killed an orb of fire
117011 | Zig:9    | Reached skill level 15 in Spellcasting
117567 | Zig:10   | Entered Level 10 of a ziggurat
117574 | Zig:10   | Noticed a greater mummy
117576 | Zig:10   | Identified the +5 ring mail of Eternity
117578 | Zig:10   | Noticed a greater mummy
117588 | Zig:10   | Killed a greater mummy
117594 | Zig:10   | Killed a greater mummy
117594 | Zig:10   | HP: 10/230 [indirect mummy death curse (25)]
118563 | Zig:11   | Entered Level 11 of a ziggurat
118568 | Zig:11   | Noticed a greater mummy
118577 | Zig:11   | Noticed a greater mummy
118589 | Zig:11   | Identified the amulet of Romonor (You took it off a guardian mummy on level 11 of a ziggurat)
118590 | Zig:11   | Killed a greater mummy
118590 | Zig:11   | Identified the amulet "Zeurhun" (You took it off a greater mummy on level 11 of a ziggurat)
119389 | Slime:1  | Entered Level 1 of the Pits of Slime
119813 | Slime:1  | Noticed Faustikun's ghost (mighty SpEn)
119820 | Slime:1  | Killed Faustikun's ghost
120359 | Slime:2  | Noticed Dissolution
120366 | Slime:2  | Killed Dissolution
120481 | Slime:2  | Found a viscous altar of Jiyva.
122736 | Slime:6  | Entered Level 6 of the Pits of Slime
122895 | Slime:6  | Noticed the royal jelly
122922 | Slime:6  | Killed the royal jelly
122941 | Slime:6  | Identified the ring "Tioptaor"
122981 | Slime:6  | Identified the ring "Cyas"
122985 | Slime:6  | Got a slimy rune of Zot
123052 | Slime:6  | Got the quarterstaff "Giantbane" {crush, +Inv rElec Int+4}
123088 | Slime:6  | Identified an uncursed rod of destruction [lightning,fireball,iron] (You found it on level 6 of the Pits of Slime)
123796 | Lair:1   | Learned a level 6 spell: Deflect Missiles
123815 | Lair:1   | Learned a level 6 spell: Haste
124247 | D:21     | Voluntarily entered the Abyss.
124247 | Abyss    | Found a corrupted altar of Lugonu.
124782 | Abyss    | Got an abyssal rune of Zot
125247 | Abyss    | Found a blossoming altar of Fedhas.
125298 | Abyss    | Found a corrupted altar of Lugonu.
125409 | Abyss    | Found a corrupted altar of Lugonu.
125462 | D:21     | Escaped the Abyss.
126135 | Dis:1    | Entered Level 1 of the Iron City of Dis
130560 | Dis:7    | Entered Level 7 of the Iron City of Dis
131273 | Dis:7    | Noticed Dispater
132902 | Zot:5    | Entered Level 5 of the Realm of Zot
133513 | Zot:5    | Reached skill level 15 in Conjurations
134071 | Zot:5    | Noticed an orb of fire
134088 | Zot:5    | Noticed an orb of fire
134093 | Zot:5    | Killed an orb of fire
134098 | Zot:5    | Noticed an orb of fire
134103 | Zot:5    | Killed an orb of fire
134113 | Zot:5    | Killed an orb of fire
134626 | Zot:5    | Noticed an orb of fire
134636 | Zot:5    | Killed an orb of fire
134698 | Zot:5    | Noticed an ancient lich
134699 | Zot:5    | Noticed an ancient lich
134703 | Zot:5    | Killed an ancient lich
134706 | Zot:5    | Killed an ancient lich
135146 | Zot:5    | Noticed a Killer Klown
135154 | Zot:5    | Killed a Killer Klown
135404 | Zot:5    | Noticed an orb of fire
135498 | Zot:5    | Noticed a Killer Klown
135505 | Zot:5    | Noticed an orb of fire
135509 | Zot:5    | Noticed an orb of fire
135514 | Zot:5    | Noticed an orb of fire
135516 | Zot:5    | Killed a Killer Klown
135521 | Zot:5    | Killed an orb of fire
135529 | Zot:5    | Killed an orb of fire
135534 | Zot:5    | Killed an orb of fire
135723 | Zot:5    | Killed an orb of fire
136670 | Orc:3    | Bought a scroll of enchant armour for 71 gold pieces
136722 | Trove    | Entered a treasure trove
136725 | Trove    | Identified the cursed +5 scale mail of Vonyolu
136725 | Trove    | Identified a cursed +1 cloak of preservation
136725 | Trove    | Identified the +8 plate armour "Hero's Friend"
136726 | Trove    | Identified the cursed +0 cloak "Pyhemu"
136726 | Trove    | Identified the cursed +0 cloak of the Pirate
138853 | Zot:5    | Got the Orb of Zot
139014 | Zot:2    | Reached skill level 15 in Evocations
139464 | D:10     | Noticed an unseen horror
139472 | D:10     | Killed an unseen horror
139612 | D:4      | Noticed Shyblekk the pandemonium lord
139782 | D:$      | Escaped with the Orb!
